 Dungeon Crawl Stone Soup version 0.29-a0-233-g1125b37a9b (webtiles) character file.

Game seed: 13061173216911162779

761 kae the Chopper (level 7, -4/61 HPs)
             Began as a Minotaur Fighter on Mar 1, 2022.
             Was an Initiate of Makhleb.
             Succumbed to a water moccasin's poison
             ... on level 5 of the Dungeon.
             The game lasted 00:02:45 (5883 turns).

kae the Chopper (Minotaur Fighter)                  Turns: 5883, Time: 00:02:45

Health: -4/61      AC:  7    Str: 23    XL:     7   Next: 51%
Magic:  6/6        EV:  9    Int:  5    God:    Makhleb [......]
Gold:   351        SH:  5    Dex:  9    Spells: 6/6 levels left

rFire   . . .      SeeInvis .   a - +1 war axe
rCold   . . .      Faith    .   c - +0 buckler
rNeg    . . .      Spirit   .   b - +0 scale mail
rPois   .          Reflect  .   (helmet restricted)
rElec   .          Harm     .   (no cloak)
rCorr   .          Rampage  .   (no gloves)
Will    .....                   (no boots)
Stlth   ..........              (no amulet)
HPRegen 0.20/turn               h - ring of flight
MPRegen 0.10/turn               (no ring)

@: lethally poisoned (-4 -> -33), flying
A: horns 2, retaliatory headbutt
a: Renounce Religion


You were on level 5 of the Dungeon.
You worshipped Makhleb.
Makhleb was noncommittal.
You visited 2 branches of the dungeon, and saw 7 of its levels.

You collected 351 gold pieces.

Inventory:

Hand Weapons
 a - a +1 war axe (weapon)
Armour
 b - a +0 scale mail (worn)
 c - a +0 buckler (worn)
Jewellery
 e - a ring of resist corrosion
 g - a ring of fire
 h - a ring of flight (left hand)
 r - a +6 ring of intelligence
Wands
 p - a wand of flame (24)
Scrolls
 j - 4 scrolls of identify
 m - a scroll of noise {unknown}
 n - a scroll of summoning {unknown}
 s - a scroll of torment {unknown}
Potions
 d - a potion of might
 f - a potion of curing
 i - a potion of magic
 k - 2 potions of heal wounds
 l - a potion of haste {unknown}
 o - a potion of brilliance
 q - a potion of invisibility {unknown}
 t - a potion of mutation {unknown}


   Skills:
 + Level 5.6 Fighting
 * Level 6.6 Axes
 + Level 5.7 Armour
 + Level 5.6 Shields
 + Level 1.3 Invocations


You had 6 spell levels left.
You didn't know any spells.
Your spell library contained the following spells:

 Spells                   Type           Power      Damage    Failure   Level
 Slow                     Hex            0%         N/A       85%         1
 Scorch                   Fire           0%         2d5       94%         2
 Confusing Touch          Hex            0%         N/A       99%         3
 Vampiric Draining        Necr           0%         2d6       99%         3
 Flame Wave               Conj/Fire      0%         2d4       100%        4
 Fireball                 Conj/Fire      0%         3d3       100%        5
 Starburst                Conj/Fire      0%         6d3       100%        6
 Summon Cactus Giant      Summ           0%         N/A       100%        6
 Ignition                 Fire           0%         3d3       100%        8


Dungeon Overview and Level Annotations

Branches:
Dungeon (6/15)             Temple (1/1) D:4

Altars:
Ashenzari
Cheibriados
Dithmenos
Elyvilon
Fedhas
Gozag
Hepliaklqana
Kikubaaqudgha
Makhleb
Nemelex Xobeh
Okawaru
Qazlal
Ru
Sif Muna
Trog
Uskayaw
Vehumet
Xom
Yredelemnul
Zin
The Shining One

Annotations:
D:6 Dowan, Duvessa


Innate Abilities, Weirdness & Mutations

You have a pair of horns on your head.
You reflexively headbutt those who attack you in melee.


Message History

You are too injured to fight recklessly!
You are too injured to fight recklessly!
You are too injured to fight recklessly!
The bullfrog barely misses you. The water moccasin bites you.
You are poisoned.
The water moccasin poisons you! Duvessa completely misses you.
You block the bullfrog's attack.
You fly upwards.
You feel very sick.
There is a stone staircase leading down here.
You miss the water moccasin.
You headbutt the water moccasin, but do no damage.
You slash the bullfrog!
You feel sick.
The water moccasin bites you but does no damage.
The bullfrog barely misses you. You block the water moccasin's attack.
The bullfrog hits you.
You slash the water moccasin!
Your headbutt misses the water moccasin.
The water moccasin is heavily wounded.
You closely miss the bullfrog.
You feel sick. The water moccasin bites you.
* * * LOW HITPOINT WARNING * * *
You are lethally poisoned!
The water moccasin poisons you! The bullfrog closely misses you.
The water moccasin barely misses you. The bullfrog hits you.
* * * LOW HITPOINT WARNING * * *
You hit the water moccasin.
Your headbutt misses the water moccasin.
The water moccasin is severely wounded.
You hit the bullfrog.
You kill the bullfrog!
Makhleb accepts your kill.
* * * LOW HITPOINT WARNING * * *
You feel very sick. The water moccasin bites you.
* * * LOW HITPOINT WARNING * * *
You are more poisoned.
The water moccasin poisons you! You block the water moccasin's attack.
You miss the water moccasin.
The water moccasin is severely wounded.
You die...

#..##.##..# ###...###### ###.#
#.........# ##.## #...#
##...<...## #.# #.#.#
#####.##########.# #...# #
#.........##'## ##.## #
#..######.#...## #.# # #..####
#......## ##.# #
#.....###.......## ##..#
#####...#.##....@S...####...##
...........+.........+.......#
#####...#.##.........####...###
# ##..............## ##....#
#######.####.....## ####.#
#......#.# ##...## #.#
#.#####.## ##'## #.# #.# ###
#.# ##########.# #.# #.#
#..........#


You could see a water moccasin.

Vanquished Creatures
  A black bear (D:4)
  A phantom (D:6)
  A bullfrog (D:5)
  2 scorpions (D:4)
  2 orc priests
  2 hounds
  2 jellies
  2 iguanas
  2 orc wizards
  4 adders
  2 dart slugs (D:2)
  17 orcs
  5 ball pythons
  A bat (D:3)
  6 endoplasms
  3 giant cockroaches
  5 goblins
  7 hobgoblins
  6 jackals
  6 kobolds
  A quokka (D:5)
  11 rats
89 creatures vanquished.

Notes
Turn   | Place    | Note
-------+----------+-------------------------------------------
     0 | D:1      | kae the Minotaur Fighter began the quest for the Orb.
     0 | D:1      | Reached XP level 1. HP: 19/19 MP: 0/0
   321 | D:1      | Reached XP level 2. HP: 25/27 MP: 1/1
   428 | D:1      | Reached skill level 3 in Axes
  1041 | D:2      | Found a faded altar of an unknown god.
  1264 | D:2      | Reached XP level 3. HP: 33/33 MP: 2/2
  2202 | D:3      | Reached XP level 4. HP: 16/40 MP: 3/3
  2205 | D:3      | Reached skill level 4 in Axes
  2881 | D:3      | Reached XP level 5. HP: 44/47 MP: 4/4
  3258 | D:4      | Noticed a black bear
  3271 | D:4      | Killed a black bear
  3272 | D:4      | Reached skill level 5 in Axes
  3272 | D:4      | Reached XP level 6. HP: 36/55 MP: 5/5
  3273 | D:4      | Reached skill level 5 in Armour
  3497 | D:4      | Reached skill level 5 in Fighting
  3497 | D:4      | Reached skill level 5 in Shields
  4244 | D:4      | Found a staircase to the Ecumenical Temple.
  4449 | Temple   | Entered the Ecumenical Temple
  4708 | Temple   | Became a worshipper of Makhleb the Destroyer
  4748 | D:5      | Entered Level 5 of the Dungeon
  5011 | D:5      | Reached skill level 6 in Axes
  5271 | D:5      | Reached XP level 7. HP: 16/61 MP: 6/6
  5869 | D:6      | Noticed Duvessa
  5873 | D:6      | Noticed Dowan
  5875 | D:6      | Reached skill level 1 in Invocations
  5883 | D:5      | Succumbed to a water moccasin's poison

Illustrated notes

Levels and vault maps discovered:
D:1:      shiori_shiawase, layout_loops_corners, chequers_avenue,
          hangedman_decor_push
D:2:      layout_loops_cross, nicolae_ecumenical_pavilion
D:3:      layout_basic
D:4:      layout_basic, minmay_temple_entry_sparse_star
D:5:      layout_loops_corners
D:6:      layout_rooms, nicolae_ossuary_entry_monument,
          kennysheep_generic_room_2, uniq_duvessa, uniq_crazy_yiuf_cottage
Temple:   regret_index_temple_sigil_plot

Skill      XL: |  1  2  3  4  5  6  7 |
---------------+----------------------+-----
Axes           | 3 4 5 6 |  6.6
Armour         | 4 5 |  5.7
Fighting       | 4 5 |  5.6
Shields        | 4 5 |  5.6
Invocations    | 1 |  1.3

Action                   |  1- 3 |  4- 6 |  7- 9 || total
-------------------------+-------+-------+-------++-------
Melee: War axe           |    68 |   104 |    23 ||   195
       Headbutt          |     7 |    10 |     2 ||    19
  Use: Potion            |       |     4 |       ||     4
       Scroll            |       |    10 |       ||    10
Armor: Scale mail        |    25 |    66 |    10 ||   101
Dodge: Dodged            |    34 |    37 |    12 ||    83
Block: Buckler           |    23 |    11 |     6 ||    40

Table legend: (Time is in decaauts)
 A = Elapsed time spent in this place.
 B = Non-inter-level travel time spent in this place.
 C = Inter-level travel time spent in this place.
 D = Time resting spent in this place.
 E = Time spent auto-exploring this place.
 F = Levels seen in this place.
 G = Mean time per level.
                   A        B        C        D        E       F      G
               +--------+--------+--------+--------+--------+-----+--------+
         Total |   5943 |   5746 |    197 |   1102 |   4062 |   7 |  849.0 |
       Dungeon |   5660 |   5514 |    146 |   1102 |   3848 |   6 |  943.3 |
        Temple |    282 |    232 |     50 |      0 |    214 |   1 |  282.0 |
               +--------+--------+--------+--------+--------+-----+--------+

Top non-repeatable levels by time:
     D:4: 1385 daAuts
     D:3: 1311 daAuts
     D:5: 1131 daAuts
     D:1: 1050 daAuts
     D:2: 770 daAuts
  Temple: 282 daAuts
     D:6: 11 daAuts
